 Dungeon Crawl Stone Soup version 0.31-a0-728-g01b46875f1 (webtiles) character file.

Game seed: 6374390754650263893

239 cforsyth the Trooper (level 6, -2/49 HPs)
             Began as a Djinni Chaos Knight on Sept 11, 2023.
             Was a Plaything of Xom.
             Killed by divine providence
             ... invoked by an orc priest
              (12 damage)
             ... on level 3 of the Dungeon.
             The game lasted 00:03:00 (3372 turns).

cforsyth the Trooper (Djinni Chaos Knight)          Turns: 3372, Time: 00:03:01

Health: -2/49      AC:  6    Str: 11    XL:     6   Next: 29%
Gold:   181        EV: 11    Int: 16    God:    Xom [...*..] SH:  0 Dex: 12

rFire   + + .        a - +0 falchion (chaos)
rCold   . . .        (no shield)
rNeg    . . .        b - +2 leather armour
rPois   ∞            (no helmet)
rElec   .            (no cloak)
rCorr   +            o - +0 pair of gloves
SInv    .            (boots unavailable)
Will    .....        (no amulet)
Stlth   +            f - ring of protection from cold
HPRegen 0.28/turn    m - ring of resist corrosion
MPRegen 0.00/turn

%: infuse magic (-3 HP)
@: flying
A: sickness immunity, fire resistance 2, cold vulnerability 1, float, innate
caster, HP casting, extra vitality 1
a: Renounce Religion


You were on level 3 of the Dungeon.
You worshipped Xom.
You were a favourite toy of Xom.
You visited 1 branch of the dungeon, and saw 4 of its levels.

You collected 181 gold pieces.

Inventory:

Hand Weapons
 a - a +0 falchion of chaos (weapon)
Armour
 b - a +2 leather armour (worn)
 o - a +0 pair of gloves (worn)
Jewellery
 f - a ring of protection from cold (left hand)
 g - a ring of fire
 m - a ring of resist corrosion (right hand)
Wands
 s - a wand of light (5)
Scrolls
 e - 7 scrolls of identify {unknown}
 h - a scroll of summoning {unknown}
 i - a scroll of enchant weapon {unknown}
 k - 2 scrolls of revelation {unknown}
 n - a scroll of immolation {unknown}
 p - a scroll of noise {unknown}
 q - 2 scrolls of teleportation {unknown}
 r - a scroll of enchant armour {unknown}
Potions
 d - a potion of curing {unknown}
 j - 2 potions of mutation {unknown}
 l - a potion of enlightenment {unknown}


   Skills:
 + Level 5.1 Fighting
 - Level 2.6 Long Blades
 - Level 1.0 Armour
 - Level 2.1 Dodging
 + Level 2.8 Spellcasting
 + Level 2.8 Conjurations
 + Level 2.8 Hexes
   Level 0.0 Charms
 + Level 2.8 Summonings
 + Level 2.8 Necromancy
 + Level 2.8 Translocations
 + Level 2.8 Transmutations
 + Level 2.8 Fire Magic
 + Level 2.8 Ice Magic
 + Level 2.8 Air Magic
 + Level 2.8 Earth Magic
 + Level 2.8 Poison Magic


You knew the following spells:

 Your Spells              Type           Power      Damage    Failure   Level
a - Slow                  Hex            44%        N/A       8%          1
b - Static Discharge      Conj/Air       22%        2-3/arc   12%         2
Your spell library was empty.

Dungeon Overview and Level Annotations

Branches:
Dungeon (4/15)
 Temple: D:4-7

Altars:
Xom


Innate Abilities, Weirdness & Mutations

You are immune to sickness and miasma.
You are immune to poison.
Your flesh is very heat resistant. (rF++)
You are vulnerable to cold. (rC-)
You float through the air rather than walking.
You learn spells naturally, not from books.
Your magical power is your life essence.
You have superior vitality. (+4 MHP)


Message History

a +0 robe; a +0 dagger; Xom's Folio of the Hundredfold Ships {god gift} You closely miss the orc priest.
The orc hits you with a +0 trident.
The orc priest hits you with a +0 trident.
The orc misses you. The orc priest barely misses you.
You hit the orc priest.
The orc priest is poisoned.
The orc priest is heavily wounded.
The orc barely misses you. The orc priest barely misses you.
You hit the orc priest but do no damage.
The orc priest easily resists.
The orc priest is heavily wounded.
The orc hits you with a +0 trident!
The orc priest hits you with a +0 trident.
You hit the orc priest but do no damage.
You drain the orc priest.
The orc priest is severely wounded.
The orc hits you with a +0 trident.
* * * LOW HITPOINT WARNING * * *
The orc priest hits you with a +0 trident.
* * * LOW HITPOINT WARNING * * *
You completely miss the orc priest.
The orc priest is severely wounded.
The orc hits you with a +0 trident.
* * * LOW HITPOINT WARNING * * *
The orc priest begins to cast a cantrip, but forgets the words!
As you read the scroll of butterflies, it crumbles to dust.
You hear the flapping of tiny wings.
The orc is knocked back by the sudden gust.
The orc priest is knocked back by the sudden gust.
The orc barely misses your butterfly.
The orc priest mumbles some strange prayers to Beogh against you.
Your butterfly writhes in agony!
Your butterfly dies!
Your butterfly disappears in a burst of colours!
You swap places.
The orc hits your butterfly with a +0 trident!
Your butterfly dies!
Your butterfly disappears in a burst of colours!
The orc priest mumbles some strange prayers to Beogh against you.
Beogh smites you!
You die...

#####.# #########........# #....
.:....# ##.#####.# ##### .######
#.#####.##### .# #...........# ##
#.###.#####.#
########.###.#####.#
#..................#
######.######.###(####..#
#...o_bbbb@.bo# #.# #..#
#.####b######## #.# #..# # #.#
#.# #.# #..### #.# #.# #.# #.....
#.# #.# #.# #.##.# #.#
#.##########.####.#.#. #.#
#.#...........##...###
#######.####.#.########..###.#Z#.
..........##.#.# #..# ####.#


You could see an orc priest (very poisoned, very drained, ally target) and an
orc (ally target).

Vanquished Creatures
  A scorpion (D:4)
  An orc priest (D:3)
  2 orc wizards (D:3)
  3 adders
  3 worms (D:2)
  2 dart slugs
  6 orcs (D:3)
  8 bats
  5 endoplasms
  A giant cockroach (D:1)
  5 goblins
  4 hobgoblins
  3 kobolds
  3 quokkas
  7 ball pythons
  4 frilled lizards
  6 rats
64 creatures vanquished.

Vanquished Creatures (others)
  2 rat zombies
2 creatures vanquished.

Grand Total: 66 creatures vanquished

Notes
Turn   | Place    | Note
-------+----------+-------------------------------------------
     0 | D:1      | cforsyth the Djinni Chaos Knight began the quest for the
                  | Orb.
     0 | D:1      | Reached XP level 1. HP: 20/20 MP: 0/0
    85 | D:1      | Reached XP level 2. HP: 25/25 MP: 0/0
   171 | D:1      | XOM: potion effect (invisibility)
   174 | D:1      | Reached skill level 1 in Spellcasting
   174 | D:1      | Reached skill level 1 in Conjurations
   174 | D:1      | Reached skill level 1 in Hexes
   174 | D:1      | Reached skill level 1 in Summonings
   174 | D:1      | Reached skill level 1 in Necromancy
   174 | D:1      | Reached skill level 1 in Translocations
   174 | D:1      | Reached skill level 1 in Transmutations
   174 | D:1      | Reached skill level 1 in Fire Magic
   174 | D:1      | Reached skill level 1 in Ice Magic
   174 | D:1      | Reached skill level 1 in Air Magic
   174 | D:1      | Reached skill level 1 in Earth Magic
   174 | D:1      | Reached skill level 1 in Poison Magic
   319 | D:1      | Reached XP level 3. HP: 22/30 MP: 0/0
   319 | D:1      | Learned a level 1 spell: Slow
   752 | D:1      | XOM: silly message
  1046 | D:2      | XOM: god gift: 29 gold pieces
  1098 | D:2      | Reached XP level 4. HP: 37/37 MP: 0/0
  1431 | D:2      | XOM is BORED!
  1444 | D:2      | Reached skill level 4 in Fighting
  1682 | D:3      | XOM: confuse monster(s)
  1922 | D:3      | Found a faded altar of an unknown god.
  2003 | D:3      | Reached XP level 5. HP: 41/41 MP: 0/0
  2003 | D:3      | Learned a level 2 spell: Static Discharge
  2174 | D:3      | XOM: smoke on damage
  2178 | D:3      | XOM: potion effect (curing)
  2406 | D:3      | XOM: cleaving
  2637 | D:4      | Reached XP level 6. HP: 33/49 MP: 0/0
  2766 | D:3      | XOM: scenery: create altars
  2997 | D:3      | Reached skill level 5 in Fighting
  3241 | D:4      | XOM: butterfly on damage
  3325 | D:3      | XOM: god gift: Xom's Folio of the Hundredfold Ships {god
                  | gift}
  3372 | D:3      | Killed from afar by an orc priest

Illustrated notes

Levels and vault maps discovered:
D:1:      scummos_arrival_gate, layout_basic, nrook_campfire
D:2:      layout_basic, basic_altar, chequers_serial_rivers_room_a,
          minmay_misc_feat_rugged
D:3:      layout_loops_ring, nicolae_ecumenical_oubliette
D:4:      layout_rooms, kennysheep_generic_room_3

Skill      XL: |  1  2  3  4  5  6 |
---------------+-------------------+-----
Spellcasting   | 1 2 |  2.8
Conjurations   | 1 2 |  2.8
Hexes          | 1 2 |  2.8
Summonings     | 1 2 |  2.8
Necromancy     | 1 2 |  2.8
Translocations | 1 2 |  2.8
Transmutations | 1 2 |  2.8
Fire Magic     | 1 2 |  2.8
Ice Magic      | 1 2 |  2.8
Air Magic      | 1 2 |  2.8
Earth Magic    | 1 2 |  2.8
Poison Magic   | 1 2 |  2.8
Fighting       | 4 5 |  5.1
Long Blades    | |  2.6
Armour         | |  1.0
Dodging        | |  2.1

Action                     |  1- 3 |  4- 6 || total
---------------------------+-------+-------++-------
  Melee: Falchion          |    81 |   134 ||   215
         Punch             |       |     1 ||     1
    Use: Scroll            |       |     1 ||     1
 Armour: Leather armour    |    47 |   119 ||   166
  Dodge: Dodged            |    51 |    88 ||   139

Table legend: (Time is in decaauts)
 A = Elapsed time spent in this place.
 B = Non-inter-level travel time spent in this place.
 C = Inter-level travel time spent in this place.
 D = Time resting spent in this place.
 E = Time spent auto-exploring this place.
 F = Levels seen in this place.
 G = Mean time per level.
                   A        B        C        D        E       F      G
               +--------+--------+--------+--------+--------+-----+--------+
         Total |   3413 |   3313 |    100 |    875 |   1918 |   4 |  853.2 |
       Dungeon |   3413 |   3313 |    100 |    875 |   1918 |   4 |  853.2 |
               +--------+--------+--------+--------+--------+-----+--------+

Top non-repeatable levels by time:
     D:3: 1483 daAuts
     D:2: 965 daAuts
     D:1: 920 daAuts
     D:4: 43 daAuts
